 Dungeon Crawl Stone Soup version 0.32-a0-996-gb3226c233f (webtiles) character file.

Game seed: 7127831701953587144

149870 jasper the Severer (level 16, -24/151 HPs)
             Began as a Mountain Dwarf Berserker on Apr 23, 2024.
             Was a High Priest of Trog.
             Killed from afar by a salamander tyrant (30 damage)
             ... with a flame surge
             ... on level 2 of the Snake Pit.
             The game lasted 00:48:57 (27447 turns).

jasper the Severer (Mountain Dwarf Berserker)      Turns: 27447, Time: 00:48:57

Health: -24/151    AC: 27    Str: 31    XL:     16   Next: 97%
Magic:  16/16      EV: 14    Int:  8    God:    Trog [*****.]
Gold:   2904       SH: 11    Dex: 16    Spells: 15/15 levels left

rFire   . . .        q - +7 broad axe (flame)
rCold   + . .        f - +0 kite shield
rNeg    . . .        o - +9 scale mail "Zaf Naeg" {rPois Dex+3 Stlth+}
rPois   +            w - +1 helmet
rElec   .            v - +0 cloak
rCorr   +            p - +0 pair of gloves
SInv    .            h - +1 pair of boots "Mytior" {^Drain Str+3 Dex+4}
Will    +++..        a - amulet of regeneration
Stlth   +            g - ring of protection from cold
HPRegen 2.25/turn    i - ring of resist corrosion
MPRegen 0.15/turn

%: no passive effects
@: weakened, strong-willed, regenerating, studying Dodging
A: runic magic, artefact enchanting
a: Renounce Religion, Berserk, Trog's Hand, Brothers in Arms


You were on level 2 of the Snake Pit.
You worshipped Trog.
Trog was extremely pleased with you.
You visited 4 branches of the dungeon, and saw 24 of its levels.
You also visited: Bailey and Ice Cave.

You collected 5443 gold pieces.
You spent 2539 gold pieces at shops.

Inventory:

Hand Weapons
 n - a +2 antimagic eveningstar
 q - a +7 broad axe of flaming (weapon)
Missiles
 s - 49 boomerangs
 F - 12 curare-tipped darts
 Q - 5 silver javelins
Armour
 f - a +0 kite shield (worn)
 h - the +1 pair of boots "Mytior" (worn) {^Drain Str+3 Dex+4}
   (You found it on level 1 of the Lair of Beasts)

   Str+3:     It affects your strength (+3).
   Dex+4:     It affects your dexterity (+4).
   ^Drain:    It drains your maximum health when unequipped.
 o - the +9 scale mail "Zaf Naeg" (worn) {rPois Dex+3 Stlth+}
   (You found it on level 3 of the Dungeon)

   Dex+3:     It affects your dexterity (+3).
   rPois:     It protects you from poison.
   Stlth+:    It makes you more stealthy.
 p - a +0 pair of gloves (worn)
 v - a +0 cloak (worn)
 w - a +1 helmet (worn)
Jewellery
 a - an amulet of regeneration (around neck)
 b - a ring of see invisible
 c - a ring of protection from cold
 g - a ring of protection from cold (left hand)
 i - a ring of resist corrosion (right hand)
 C - a ring of protection from fire
 D - a ring of flight
 T - a +4 ring of protection
Talismans
 y - a talisman of death
Wands
 x - a wand of warping (4)
 K - a wand of charming (56)
 P - a wand of digging (4)
 X - a wand of mindburst (5)
 Y - a wand of polymorph (21)
Scrolls
 d - 5 scrolls of immolation
 A - 11 scrolls of identify
 B - 7 scrolls of teleportation
 J - 3 scrolls of poison
 L - 3 scrolls of fear
 M - 2 scrolls of revelation
 N - 4 scrolls of enchant armour
 O - 2 scrolls of butterflies
 S - 4 scrolls of fog
 W - 4 scrolls of vulnerability
 Z - a scroll of torment
Potions
 j - 2 potions of might
 k - 2 potions of degeneration
 l - 10 potions of curing
 m - 3 potions of brilliance
 t - 6 potions of enlightenment
 u - 3 potions of haste
 z - 4 potions of heal wounds
 E - a potion of berserk rage
 G - 2 potions of lignification
 I - 7 potions of attraction
 R - 3 potions of resistance
 U - a potion of mutation
 V - 4 potions of invisibility
Miscellaneous
 r - a Gell's gravitambourine (1/2)
 H - a phantom mirror


   Skills:
 - Level 16.3 Fighting
 - Level 16.5(18.0) Axes
 - Level 12.0(15.7) Maces & Flails
 - Level 15.0 Armour
 - Level 10.0 Dodging
 - Level 9.0 Shields
 - Level 6.2 Evocations
 + Level 10.3 Shapeshifting


You had 15 spell levels left.
You didn't know any spells.
Your spell library was empty.

Dungeon Overview and Level Annotations

Branches:
Dungeon (15/15)            Temple (0/1) D:6            Lair (5/5) D:8
 Shoals (0/4) Lair:3        Snake (2/4) Lair:3        Slime (0/5) Lair:4
    Orc (2/2) D:12            Elf (0/3) Orc:2        Vaults (0/5) D:13
 Depths (0/4) D:15         Bailey (visited)           IceCv (visited)

Altars:
Cheibriados
Dithmenos
Fedhas
Gozag
Sif Muna
Trog
Uskayaw
Xom
Zin
The Shining One
Jiyva
Lugonu

Shops:
D:3 **   D:6 (   D:15 =   Orc:1 (   Orc:2 (=**   Snake:1 :==!

Portals:
Abyss: D:14
Trove: D:10 (show slimy rune of Zot)

Annotations:
D:3 1 runed translucent door
D:11 3 runed translucent doors, freelancePsychic's ghost, journeyman DjEE
D:15 3 runed translucent doors, Winotaur's ghost, adept MiBe


Innate Abilities, Weirdness & Mutations

Your spellcasting is much less encumbered by armour.
You can use scrolls of enchantment on lesser artefacts.


Message History

You hit the salamander mystic.
The salamander mystic is almost dead.
A salamander mystic comes into view. It is wielding a +0 quarterstaff.
You slice the salamander tyrant!!
The salamander tyrant is moderately wounded.
The salamander tyrant calls gouts of flame from the lava!
The flame surge hits you!
You take 10 damage, and have 62/151 hp.
You barely miss the salamander tyrant.
The salamander tyrant is moderately wounded.
The salamander tyrant gazes fiercely through you!
You feel as though you will be weak longer.
You regained 2 hp, and now have 64/151 hp.
You slash the salamander tyrant!
The salamander tyrant is lightly wounded.
You hit the salamander tyrant.
The salamander tyrant gazes fiercely through you!
You feel as though you will be weak longer.
The salamander tyrant hits you!
You are engulfed in flames!!
* * * LOW HITPOINT WARNING * * *
You take 31 damage, and have 33/151 hp.
MASSIVE DAMAGE!!
You slice the salamander tyrant!!
The salamander tyrant is heavily wounded.
You closely miss the salamander tyrant.
The salamander tyrant gazes fiercely through you!
You feel as though you will be weak longer.
The salamander tyrant hits you.
* * * LOW HITPOINT WARNING * * *
You are engulfed in flames!!
* * * LOW HITPOINT WARNING * * *
The salamander tyrant gazes fiercely through you!
You feel as though you will be weak longer.
The salamander mystic casts a spell at the salamander mystic.
The salamander mystic seems to speed up.
The salamander tyrant gazes fiercely through you!
You feel as though you will be weak longer.
The salamander tyrant barely misses you.
The salamander tyrant calls gouts of flame from the lava!
The flame surge hits you!!
You die...

...####.#
....§.§§)##
........#
≈#.......##
##########
#≈#§^#≈#§.#### # ≈§
#§.#≈≈§#)'..## # ≈≈.
##.≈≈≈≈§.'...# #
≈≈.. ##§.#§§≈#.'....
# #≈..≈
####≈#..#§#..####.
#§≈.N≈#N#≈#§......##
#.
#≈≈.NN@))§§§....##
#. ##≈#≈#N#≈#§#≈#≈##
#. # ########### #.
#. ###### #.
##....#####.
##..##......'
#..###(......
#.#........P.


You could see 2 salamander tyrants and 3 salamander mystics.

Vanquished Creatures
  Jorgrun (D:13)
  Kirke (D:15)
  3 azure jellies (IceCv)
  A rockslime (IceCv)
  An orc warlord (Orc:1)
  4 quicksilver oozes (IceCv)
  Nessos (D:15)
  A dire elephant (Lair:5)
  Snorg (Orc:2)
  A fire dragon (Lair:5)
  A vault guard (D:13)
  A salamander tyrant (Snake:2)
  6 hydras
  6 ogre magi
  4 boulder beetles
  A catoblepas (Lair:5)
  24 two-headed ogres
  6 centaur warriors
  2 anacondas (Snake:2)
  A deep troll earth mage (D:15)
  3 death yaks (Lair:5)
  6 naga warriors
  Urug (Orc:2)
  5 naga sharpshooters
  3 shock serpents (Snake:2)
  2 fire crabs
  5 skeletal warriors (D:15)
  2 salamander mystics (Snake:2)
  A skyshark (Lair:2)
  3 sea snakes (Snake:1)
  A swamp dragon (Lair:5)
  An arcanist (D:13)
  2 naga ritualists
  3 lindwurms (Lair:5)
  6 mana vipers
  Pikel (D:5)
  2 orange crystal statues (IceCv)
  5 deep elf pyromancers
  An orc knight (D:15)
  An obsidian bat (Orc:2)
  2 wolf spiders (Lair:3)
  An orc sorcerer (D:12)
  6 cyclopes
  9 salamanders
  11 manticores
  14 elephants
  14 ugly things
  A cyclops (shapeshifter) (D:15)
  A merfolk siren (Lair:3)
  2 guardian serpents (Snake:2)
  20 black mambas
  2 gargoyles (D:12)
  5 naga magi (Snake:2)
  A water nymph (shapeshifter) (D:15)
  2 torpor snails
  25 cane toads
  A kobold demonologist (D:11)
  8 komodo dragons
  2 freezing wraiths
  9 rime drakes
  2 unseen horrors
  Maggie (D:8)
  A tengu conjurer (D:13)
  A polar bear (Lair:2)
  2 trolls
  10 blink frogs
  A centaur simulacrum (D:14)
  13 dream sheep (Lair:5)
  13 slime creatures (IceCv)
  Sigmund (D:5)
  6 wyverns
  A wraith (D:10)
  A vampire (D:9)
  A yak (shapeshifter) (D:14)
  3 hogs (D:15)
  36 yaks
  Eustachio (D:5)
  5 basilisks
  3 wargs
  3 steam dragons
  Menkaure (D:5)
  5 vampire mosquitoes
  Edmund (D:4)
  18 nagas
  6 great orb of eyes simulacra (IceCv)
  5 acid dragons
  15 water moccasins
  2 hell hounds (Orc:1)
  2 black bears
  16 orc warriors
  An ice beast (D:7)
  3 laughing skulls
  A sky beast (D:6)
  8 wolves
  14 centaurs
  27 ogres
  A lemure (D:5)
  6 slime creature simulacra (IceCv)
  10 kobold brigands
  11 bullfrogs
  2 gnoll sergeants
  7 scorpions
  5 glowing shapeshifter simulacra (IceCv)
  5 wights (D:8)
  3 killer bees (D:8)
  2 electric eels (Snake:1)
  8 howler monkeys
  A bombardier beetle (D:7)
  The ghost of powerplay the Caller, a weakling VSSu (D:3)
  4 crimson imps (D:13)
  A hound (D:5)
  A jelly (D:5)
  12 orc priests
  4 sleepcaps
  9 iguanas
  3 gnoll boudas
  Natasha (thrice) (D:4)
  24 orc wizards
  Robin (D:4)
  21 gnolls
  9 adders
  2 river rats (D:3)
  A shadow imp (D:7)
  2 white imps
  2 ufetubi (D:7)
  2 ribbon worms
  3 dart slugs
  63 orcs
  6 endoplasms
  8 giant cockroaches
  15 goblins
  7 hobgoblins
  4 jackals (D:1)
  5 quokkas
  9 ball pythons
  4 bats
  2 frilled lizards
  38 kobolds
  6 rats
  A lurking horror (D:14)
821 creatures vanquished.

Vanquished Creatures (collateral kills)
  An ogre mage (Orc:2)
  A two-headed ogre (Orc:2)
  A guardian serpent (Snake:1)
  An orc warrior (Bailey)
  3 ogres (Orc:2)
  A kobold brigand (Bailey)
8 creatures vanquished.

Vanquished Creatures (others)
  A tengu conjurer (D:13)
  2 orc wizards
  An orc (Orc:1)
  A lurking horror (D:14)
5 creatures vanquished.

Grand Total: 834 creatures vanquished

Notes
Turn   | Place    | Note
-------+----------+-------------------------------------------
     0 | D:1      | jasper the Mountain Dwarf Berserker began the quest for the
                  | Orb.
     0 | D:1      | Reached XP level 1. HP: 19/19 MP: 1/1
   262 | D:1      | Reached XP level 2. HP: 22/26 MP: 2/2
   430 | D:1      | Reached skill level 5 in Maces & Flails
   466 | D:1      | Reached XP level 3. HP: 19/31 MP: 3/3
   794 | D:1      | Reached ** piety under Trog
  1599 | D:2      | Reached XP level 4. HP: 38/38 MP: 4/4
  2185 | D:3      | Identified the +9 scale mail "Zaf Naeg" {rPois Dex+3
                  | Stlth+}
  2288 | D:3      | Found Cufaun's General Store.
  2291 | D:3      | Bought a scroll of identify for 22 gold pieces
  2291 | D:3      | Bought a scroll of immolation for 44 gold pieces
  2298 | D:3      | Reached XP level 5. HP: 57/57 MP: 5/5
  2397 | D:3      | Found Weosasu's General Store.
  2645 | D:3      | Found a runed translucent door.
  2647 | D:3      | Noticed powerplay's ghost (weakling VSSu)
  2759 | D:3      | Found a runed translucent door.
  2987 | D:3      | Killed powerplay's ghost
  3096 | D:4      | Noticed Natasha
  3110 | D:4      | Killed Natasha
  3111 | D:4      | Reached XP level 6. HP: 63/63 MP: 6/6
  3209 | D:4      | Noticed Natasha
  3213 | D:4      | Killed Natasha
  3351 | D:4      | Noticed Natasha
  3363 | D:4      | Killed Natasha
  3441 | D:4      | Noticed Robin
  3462 | D:4      | Reached *** piety under Trog
  3464 | D:4      | Killed Robin
  3549 | D:4      | Noticed Edmund
  3564 | D:4      | Killed Edmund
  3565 | D:4      | Reached XP level 7. HP: 67/70 MP: 7/7
  3607 | D:4      | Found a shadowy altar of Dithmenos.
  3681 | D:4      | Found a glowing silver altar of Zin.
  3926 | D:4      | Found a snail-covered altar of Cheibriados.
  3994 | D:5      | Entered Level 5 of the Dungeon
  4016 | D:5      | Noticed Menkaure
  4025 | D:5      | Killed Menkaure
  4095 | D:5      | Noticed Sigmund
  4109 | D:5      | Killed Sigmund
  4110 | D:5      | Reached skill level 10 in Fighting
  4140 | D:5      | Reached XP level 8. HP: 79/79 MP: 8/8
  4381 | D:5      | Noticed a +0 falchion
  4381 | D:5      | Noticed a +0 short sword
  4381 | D:5      | Noticed a +0 spear
  4381 | D:5      | Noticed a +0 short sword
  4381 | D:5      | Noticed a +0 dagger
  4381 | D:5      | Found a hide-covered altar of Uskayaw.
  4384 | D:5      | Noticed a +0 dagger
  4385 | D:5      | Noticed a +0 falchion
  4386 | D:5      | Noticed a +0 spear
  4438 | D:5      | Noticed Eustachio
  4487 | D:5      | Killed Eustachio
  4548 | D:5      | Noticed Pikel
  4570 | D:5      | Killed Pikel
  4571 | D:5      | Reached XP level 9. HP: 54/89 MP: 9/9
  4854 | D:5      | Found a bloodstained altar of Trog.
  5023 | D:6      | Reached skill level 5 in Armour
  5127 | D:6      | Reached **** piety under Trog
  5144 | D:6      | Found a staircase to the Ecumenical Temple.
  5200 | D:6      | Identified the +2 scale mail "Imoemeeg" {+Inv rPois Int+5
                  | Slay-2}
  5322 | D:6      | Found Ikits's Antique Weapon Emporium.
  5600 | D:7      | Found a flagged portal.
  5611 | D:7      | Identified the +7 hand axe of the Dark Horse {speed, rElec
                  | rPois}
  5614 | Bailey   | Entered a bailey
  5840 | Bailey   | Found a bloodstained altar of Trog.
  6026 | D:7      | Reached XP level 10. HP: 97/97 MP: 10/10
  6070 | D:7      | Identified a scroll of acquirement
  6070 | D:7      | Acquired 1185 gold pieces
  6100 | D:7      | Noticed a manticore
  6113 | D:7      | Killed a manticore
  6114 | D:7      | Reached skill level 5 in Dodging
  6323 | D:7      | Found a glowing golden altar of the Shining One.
  7073 | D:8      | Reached ***** piety under Trog
  7192 | D:8      | Noticed Maggie
  7203 | D:8      | Killed Maggie
  7334 | D:8      | Found a staircase to the Lair.
  8515 | D:9      | Found a shimmering blue altar of Sif Muna.
  8650 | D:9      | Found a blossoming altar of Fedhas.
  8903 | D:10     | Entered Level 10 of the Dungeon
  9000 | D:10     | Noticed a two-headed ogre
  9013 | D:10     | Killed a two-headed ogre
  9228 | D:10     | Found a portal to a secret trove of treasure.
  9292 | D:10     | Reached XP level 11. HP: 107/107 MP: 11/11
  9724 | D:10     | Noticed a two-headed ogre
  9739 | D:10     | Killed a two-headed ogre
 10404 | D:11     | Noticed a boulder beetle
 10430 | D:11     | Killed a boulder beetle
 10513 | D:11     | Noticed a minotaur
 10513 | D:11     | Noticed freelancePsychic's ghost (journeyman DjEE)
 10618 | D:11     | Found a runed translucent gate.
 10618 | D:11     | Found a runed translucent gate.
 10618 | D:11     | Found a runed translucent gate.
 10871 | D:11     | Identified the +11 dire flail of Lies {heavy, Str+3} (Trog
                  | gifted it to you on level 11 of the Dungeon)
 10871 | D:11     | Received a gift from Trog
 11562 | D:12     | Reached skill level 10 in Armour
 11586 | D:12     | Noticed a red ugly thing
 11594 | D:12     | Killed a red ugly thing
 11775 | D:12     | Reached skill level 10 in Dodging
 11859 | D:12     | Noticed a green ugly thing
 11868 | D:12     | Killed a green ugly thing
 12090 | D:12     | Found a staircase to the Orcish Mines.
 12221 | D:12     | Noticed a red ugly thing
 12227 | D:12     | Killed a red ugly thing
 12228 | D:12     | Reached XP level 12. HP: 117/117 MP: 12/12
 12492 | D:11     | Reached skill level 1 in Shields
 12526 | Orc:1    | Entered Level 1 of the Orcish Mines
 12775 | Orc:1    | Noticed an orc warlord
 13089 | D:12     | Received a gift from Trog
 13252 | Orc:1    | Killed an orc warlord
 13253 | Orc:1    | Reached skill level 5 in Shields
 13253 | Orc:1    | You fall into a shaft and drop 1 floor!
 13253 | Orc:2    | Entered Level 2 of the Orcish Mines
 13255 | Orc:2    | Noticed Urug
 13265 | Orc:2    | Noticed a two-headed ogre
 13271 | Orc:2    | Noticed a two-headed ogre
 13278 | Orc:2    | Noticed a two-headed ogre
 13282 | Orc:2    | Killed Urug
 13282 | Orc:2    | Killed a two-headed ogre
 13282 | Orc:2    | Killed a two-headed ogre
 13285 | Orc:2    | Killed a two-headed ogre
 13511 | Orc:1    | Found Ynwec's Weapon Shop.
 13752 | Orc:2    | Noticed an ogre mage
 13762 | Orc:2    | Noticed a two-headed ogre
 13771 | Orc:2    | Killed an ogre mage
 13772 | Orc:2    | Reached skill level 1 in Evocations
 13772 | Orc:2    | Noticed a two-headed ogre
 13777 | Orc:2    | Killed a two-headed ogre
 13783 | Orc:2    | Killed a two-headed ogre
 13789 | Orc:2    | Noticed an ogre mage
 13794 | Orc:2    | Killed an ogre mage
 13796 | Orc:2    | Noticed a two-headed ogre
 13823 | Orc:2    | Killed a two-headed ogre
 14075 | Orc:2    | Noticed a two-headed ogre
 14092 | Orc:2    | Killed a two-headed ogre
 14105 | Orc:2    | Noticed a two-headed ogre
 14126 | Orc:2    | Killed a two-headed ogre
 14127 | Orc:2    | Reached XP level 13. HP: 110/125 MP: 13/13
 14275 | Orc:2    | Reached skill level 5 in Evocations
 14347 | Orc:2    | Reached skill level 15 in Fighting
 14589 | Orc:2    | Found Igruorr's Assorted Antiques.
 14589 | Orc:2    | Found Etsaph's General Store.
 14590 | Orc:2    | Found Ser Tiet's Jewellery Shop.
 14590 | Orc:2    | Found Zooce's Antique Weapon Emporium.
 14597 | Orc:2    | Bought a scroll labelled HUSU XISYABB for 31 gold pieces
 14597 | Orc:2    | Bought a potion of curing for 93 gold pieces
 14597 | Orc:2    | Bought a notched tourmaline ring for 155 gold pieces
 14600 | Orc:2    | Bought an amulet of regeneration for 420 gold pieces
 14600 | Orc:2    | Bought a talisman of death for 1120 gold pieces
 14761 | Orc:2    | Found a staircase to the Elven Halls.
 14853 | Orc:2    | Noticed Snorg
 14866 | Orc:2    | Killed Snorg
 14896 | Orc:2    | Received a gift from Trog
 14897 | Orc:2    | Reached skill level 1 in Shapeshifting
 15227 | Lair:1   | Entered Level 1 of the Lair of Beasts
 15365 | Orc:2    | Bought a cloak for 139 gold pieces
 15869 | Lair:1   | Identified the +1 pair of boots "Mytior" {^Drain Str+3
                  | Dex+4}
 16741 | Lair:1   | Reached skill level 1 in Axes
 16824 | Lair:1   | Acquired 281 gold pieces
 17645 | Lair:2   | Reached skill level 5 in Axes
 17910 | Lair:2   | Reached XP level 14. HP: 125/137 MP: 14/14
 19035 | Lair:3   | Received a gift from Trog
 19545 | Lair:3   | Found a staircase to the Shoals.
 19710 | Lair:3   | Found a staircase to the Snake Pit.
 19949 | Lair:4   | Acquired 660 gold pieces
 20133 | Lair:4   | Found a staircase to the Slime Pits.
 20133 | Lair:4   | Found a viscous altar of Jiyva.
 20707 | Lair:5   | Entered Level 5 of the Lair of Beasts
 20751 | Lair:5   | Reached skill level 10 in Axes
 21574 | Lair:5   | Reached XP level 15. HP: 134/144 MP: 15/15
 21587 | Lair:5   | Reached ****** piety under Trog
 21604 | Lair:5   | Received a gift from Trog
 22229 | D:13     | Reached skill level 15 in Axes
 22459 | D:13     | Found a shimmering altar of Xom.
 22476 | D:13     | Noticed Jorgrun
 22489 | D:13     | Killed Jorgrun
 22685 | D:13     | Found a gate to the Vaults.
 23234 | D:14     | Found a corrupted altar of Lugonu.
 23234 | D:14     | Found a one-way gate to the infinite horrors of the Abyss.
 23632 | D:15     | Entered Level 15 of the Dungeon
 23638 | D:15     | Noticed Nessos
 23662 | D:15     | Killed Nessos
 23670 | D:15     | Received a gift from Trog
 23787 | D:15     | Found Bavvukef's Jewellery Shoppe.
 23890 | D:15     | Found an opulent altar of Gozag.
 23906 | D:15     | Noticed Kirke
 23921 | D:15     | Killed Kirke
 23922 | D:15     | Reached XP level 16. HP: 138/151 MP: 16/16
 23941 | D:15     | Reached skill level 15 in Armour
 23950 | D:15     | Found a staircase to the Depths.
 24021 | D:15     | Noticed Winotaur's ghost (adept MiBe)
 24046 | D:15     | Found a runed translucent gate.
 24046 | D:15     | Found a runed translucent gate.
 24046 | D:15     | Found a runed translucent gate.
 24513 | Snake:1  | Entered Level 1 of the Snake Pit
 24513 | Snake:1  | Found Biat's Distillery.
 24529 | Snake:1  | Bought a potion of curing for 45 gold pieces
 24529 | Snake:1  | Bought a potion of invisibility for 120 gold pieces
 24580 | Snake:1  | Reached skill level 5 in Shapeshifting
 24872 | Snake:1  | Found Ifosiloh's Book Emporium.
 24873 | Snake:1  | Found Meifem's Jewellery Boutique.
 24873 | Snake:1  | Found Nag Ek Nite's Jewellery Boutique.
 24885 | Snake:1  | Bought a ring of protection from cold for 350 gold pieces
 25006 | Snake:1  | Found a glacial archway.
 25013 | IceCv    | Entered an ice cave
 25571 | IceCv    | Received a gift from Trog
 25765 | IceCv    | Found a viscous altar of Jiyva.
 25859 | IceCv    | Identified the ring "Bexuoci" {rCorr Str-4 SInv Stlth+}
 27230 | Snake:2  | Received a gift from Trog
 27244 | Snake:2  | Reached skill level 10 in Shapeshifting
 27447 | Snake:2  | HP: 6/151 [salamander tyrant (27)]
 27447 | Snake:2  | Killed from afar by a salamander tyrant

Illustrated notes

Levels and vault maps discovered:
D:1:      giann_wishing_wells, layout_basic, minmay_worlds_worst_comb
D:2:      cheibrodos_helix_gallery, layout_loops_ring
D:3:      layout_loops_cross, serial_shops, nicolae_shop_advertising_works
          [nicolae_subvault_shop_adworks], shop, ebering_ghost_sewer_f
D:4:      layout_loops_ring, mainiacjoe_overflow_surrounded_room,
          marbit_many_paths, mainiacjoe_overflow_alcove_4, uniq_robin,
          uniq_natasha, uniq_edmund
D:5:      layout_rooms, kennysheep_little_box, nicolae_uskayaw_en_pointe,
          minmay_misc_feat_secret_circle, minmay_manual_moon, uniq_menkaure,
          uniq_sigmund, uniq_eustachio, uniq_pikel
D:6:      layout_cave_pools, minmay_temple_entry_offerings, serial_shops, shop,
          st_stairs_13
D:7:      kennysheep_six_static_rooms, layout_gridville,
          mainiacjoe_overflow_catwalk, enter_bailey_2, minmay_small_thing
D:8:      layout_basic, erik_lair_orcish_takeover, serial_bayou_crossing,
          uniq_maggie
D:9:      layout_gridville, mainiacjoe_overflow_concentric_impassable,
          hellmonk_sif_muna_bookshelves, chequers_jeans
D:10:     nicolae_cairo_tiling_very_big, layout_layer_cave,
          nicolae_trove_entry_free_sample
D:11:     layout_stronghold, maelrawn_ghost_gauntlet_escape
D:12:     layout_basic, hiddenorc1_lemuel
D:13:     layout_small_grid, david_vaults_5, led_xom_imps, uniq_jorgrun
D:14:     layout_cross, moated_statue, amcnicky_altar_lugonu_corruption
D:15:     hellmonk_depths_entry_around_the_bend, layout_cave_pools,
          gammafunk_ghost_icy, serial_shops, shop, grunt_gozag_statues,
          uniq_nessos, uniq_kirke
Lair:1:   layout_chaotic_city, st_stairs_4, nzn_random_ring
Lair:2:   layout_small_grid
Lair:3:   layout_hall_layers, minmay_shoals_entry_lonely_mermaid,
          alex1729_snake_entry_snake, st_stairs_13,
          nicolae_lair_run_with_the_wolves, serial_bayou_shore_b
Lair:4:   layout_cave_shapes, slime_entry_1, serial_bayou_shore_b
Lair:5:   guppyfry_lair_end_dragon, layout_regular_city,
          hangedman_lair_in_review, serial_forest, infiniplex_forest_end_double,
          infiniplex_forest_lined_1, infiniplex_forest_clump_tiny,
          infiniplex_forest_clump_diagonal, infiniplex_forest_lined_ring,
          infiniplex_forest_end_2, infiniplex_forest_straight_4
Snake:1:  layout_misc_corridors, serial_shops, nicolae_shop_waterfront,
          portal_ice_cave_entry_pillars_2, serial_bayou_shore_b,
          minmay_shop_grove, serial_bayou_shore_a, grunt_megastairs_3
Snake:2:  cheibrodos_snake_lava_hold, layout_basic, st_stairs_11,
          lemuel_fruit_tree
Orc:1:    layout_caves, serial_shops, nicolae_shop_bloodbath_and_beyond,
          enter_volcano_3
Orc:2:    st_orc_ogre_mass, layout_diamond_mine, uniq_urug, uniq_snorg

Skill      XL: |  1  2  3  4  5  6  7  8  9 10 11 12 13 14 15 16 |
---------------+-------------------------------------------------+-----
Maces & Flails | 4 5 6 11 12 | 12.0
Fighting       | 9 10 11 12 13 14 16 | 16.3
Armour         | 3 4 5 7 10 11 14 15 | 15.0
Dodging        | 2 3 4 7 10 | 10.0
Shields        | 9 |  9.0
Evocations     | 4 6 |  6.2
Shapeshifting  | 2 10 | 10.3
Axes           | 5 14 16 | 16.5

Action                     |  1- 3 |  4- 6 |  7- 9 | 10-12 | 13-15 | 16-18 || total
---------------------------+-------+-------+-------+-------+-------+-------++-------
  Melee: Mace              |   123 |    36 |       |       |       |       ||   159
         Whip              |       |   141 |   372 |   866 |   311 |       ||  1690
         Flail             |       |       |       |    14 |       |       ||    14
         Dire flail        |       |       |       |    97 |       |       ||    97
         Morningstar       |       |       |       |    12 |    14 |       ||    26
         Broad axe         |       |       |       |       |   777 |   410 ||  1187
         Eveningstar       |       |       |       |       |     3 |       ||     3
  Throw: Stone             |     3 |     1 |       |     2 |     4 |       ||    10
         Dart              |       |       |     4 |       |       |       ||     4
 Invoke: Berserk           |     5 |     1 |     1 |     6 |     4 |     2 ||    19
         Trog's Hand       |       |     2 |     2 |     3 |     7 |     6 ||    20
         Brothers in Arms  |       |       |       |     1 |       |       ||     1
  Evoke: Phantom mirror    |       |       |       |     3 |       |     1 ||     4
         Wand              |       |       |       |     1 |       |     5 ||     6
         Gell's gravitambo |       |       |       |       |       |     3 ||     3
    Use: Scroll            |     3 |     5 |    11 |     3 |    16 |     3 ||    41
         Potion            |       |     1 |       |     1 |       |       ||     2
   Stab: Sleeping          |     1 |     4 |     2 |     1 |     3 |       ||    11
         Distracted        |       |       |       |     1 |       |       ||     1
 Armour: Animal skin       |    46 |       |       |       |       |       ||    46
         Leather armour    |    38 |       |       |       |       |       ||    38
         Scale mail        |       |    73 |   196 |   485 |   790 |   349 ||  1893
  Dodge: Dodged            |    78 |    54 |   156 |   515 |   853 |   167 ||  1823
  Block: Buckler           |       |       |       |    77 |   427 |    38 ||   542
         Kite shield       |       |       |       |       |       |   136 ||   136

Table legend: (Time is in decaauts)
 A = Elapsed time spent in this place.
 B = Non-inter-level travel time spent in this place.
 C = Inter-level travel time spent in this place.
 D = Time resting spent in this place.
 E = Time spent auto-exploring this place.
 F = Levels seen in this place.
 G = Mean time per level.
                   A        B        C        D        E       F      G
               +--------+--------+--------+--------+--------+-----+--------+
         Total |  26803 |  24661 |   2142 |   2630 |  16004 |  26 | 1030.9 |
       Dungeon |  15455 |  14008 |   1447 |   1611 |   9444 |  15 | 1030.3 |
          Lair |   6228 |   5941 |    287 |    258 |   4152 |   5 | 1245.6 |
     Snake Pit |   1911 |   1789 |    122 |    209 |   1098 |   2 |  955.5 |
  Orcish Mines |   1993 |   1708 |    285 |    370 |    800 |   2 |  996.5 |
        Bailey |    250 |    250 |      0 |      8 |    112 |   1 |  250.0 |
      Ice Cave |    964 |    964 |      0 |    174 |    396 |   1 |  964.0 |
               +--------+--------+--------+--------+--------+-----+--------+

Top non-repeatable levels by time:
    D:12: 1793 daAuts
    D:10: 1659 daAuts
  Lair:3: 1463 daAuts
   Orc:2: 1462 daAuts
  Lair:1: 1433 daAuts
     D:8: 1380 daAuts
  Lair:5: 1336 daAuts
    D:11: 1302 daAuts
     D:1: 1276 daAuts
  Lair:2: 1176 daAuts
 Snake:1: 1129 daAuts
     D:7: 1121 daAuts
     D:3: 967 daAuts
   IceCv: 964 daAuts
     D:2: 896 daAuts
